 Dungeon Crawl Stone Soup version 0.28.0-45-g0d030f2227 (webtiles) character file.

Game seed: 12238590062022349458

26 sking99 the Ruffian (level 2, -1/24 HPs)
             Began as a Draconian Transmuter on May 27, 2022.
             Slain by an iguana (8 damage)
             ... on level 1 of the Dungeon.
             The game lasted 00:02:07 (1039 turns).

sking99 the Ruffian (Draconian Transmuter)          Turns: 1039, Time: 00:02:07

Health: -1/24      AC:  4    Str: 12    XL:     2   Next: 89%
Magic:  5/5        EV: 12    Int: 13    God:
Gold:   23         SH:  0    Dex: 11    Spells: 4/5 levels left

rFire   . . .      SeeInvis .     - Unarmed
rCold   . . .      Faith    .   (no shield)
rNeg    . . .      Spirit   .   (armour unavailable)
rPois   .          Reflect  .   (helmet restricted)
rElec   .          Harm     .   (no cloak)
rCorr   .          Rampage  .   (no gloves)
Will    .....                   (no boots)
Stlth   +.........              (no amulet)
HPRegen 0.08/turn               (no ring)
MPRegen 0.09/turn               (no ring)

@: no status effects
A: AC +4, unfitting armour, cold-blooded
a: no special abilities


You were on level 1 of the Dungeon.
You visited 1 branch of the dungeon, and saw 2 of its levels.

You collected 23 gold pieces.

Inventory:

Scrolls
 a - a scroll of noise {unknown}
Potions
 b - a potion of might {unknown}


   Skills:
 + Level 1.7 Fighting
 + Level 2.2 Dodging
 * Level 3.6 Unarmed Combat
 - Level 2.0 Spellcasting
 - Level 2.0 Transmutations


You had 4 spell levels left.
You knew the following spells:

 Your Spells              Type           Power      Damage    Failure   Level
a - Beastly Appendage     Tmut           12%        N/A       11%         1

Your spell library contained the following spells:

 Spells                   Type           Power      Damage    Failure   Level
 Wereblood                Tmut           6%         N/A       17%         2
 Freeze                   Ice            4%         1d3       26%         1
 Spider Form              Tmut/Pois      3%         N/A       45%         3
 Ice Form                 Ice/Tmut       3%         N/A       86%         4


Dungeon Overview and Level Annotations

Branches:
Dungeon (2/15)

Altars:


Innate Abilities, Weirdness & Mutations

Your plain brown scales are hard. (AC +4)
You cannot fit into any form of body armour.
You are cold-blooded and may be slowed by cold attacks.


Message History

Your transformation is almost over.
The giant cockroach closely misses you.
You barely miss the giant cockroach. The giant cockroach misses you.
You hit the giant cockroach.
You headbutt the giant cockroach, but do no damage.
You tail-slap the giant cockroach, but do no damage.
The giant cockroach is moderately wounded.
The giant cockroach bites you but does no damage.
You hit the giant cockroach but do no damage.
Your kick misses the giant cockroach. You headbutt the giant cockroach.
The giant cockroach is severely wounded.
The giant cockroach closely misses you. The giant cockroach barely misses you.
You hit the giant cockroach.
The giant cockroach is almost dead.
The giant cockroach misses you.
You hit the giant cockroach but do no damage.
Your headbutt misses the giant cockroach.
You tail-slap the giant cockroach.
You kill the giant cockroach!
Casting: Beastly Appendage (safe; 11% risk of failure)
Confirm with . or Enter, or press ? or * to list all spells.
You extend your transformation's duration.
There is a stone staircase leading down here.
You climb downwards.
Your transformation is almost over.
The kobold misses you.
There is a stone staircase leading up here.
The endoplasm quivers.
You hit the kobold.
The kobold is moderately wounded.
The iguana bites you. The kobold hits you with a +0 dagger.
The iguana bites you!
* * * LOW HITPOINT WARNING * * *
The kobold barely misses you.
You climb upwards.
There is a stone staircase leading down here.
Your horns disappear.
Your talons disappear.
You see here a +0 plate armour.
The iguana bites you!
You die...

####..## ###......#
......#..######
......#.......#
......#...###.#
......##..###.#
......##...##.###
......###...#...###
......# #...#...@.#
##....####......#l#####
...##.........###K#...#
#.....#####..####.#.#.###
#.....# #.>.......#...#
+.....# #############.#
#.....# #..........#
#.....# #.##########
#.....########.#


You could see an iguana and a kobold.

Vanquished Creatures
  5 endoplasms (D:1)
  2 giant cockroaches (D:1)
  3 goblins (D:1)
  3 hobgoblins (D:1)
  A quokka (D:1)
  3 ball pythons (D:1)
  A frilled lizard (D:1)
  2 kobolds (D:1)
  2 rats (D:1)
22 creatures vanquished.

Vanquished Creatures (others)
  2 fungi (D:1)
2 creatures vanquished.

Grand Total: 24 creatures vanquished

Notes
Turn   | Place    | Note
-------+----------+-------------------------------------------
     0 | D:1      | sking99 the Draconian Transmuter began the quest for the
                  | Orb.
     0 | D:1      | Reached XP level 1. HP: 16/16 MP: 3/3
   292 | D:1      | Reached XP level 2. HP: 8/23 MP: 5/5
   549 | D:1      | Found a faded altar of an unknown god.
   567 | D:1      | Got Plato's Reference Book on the Snowflakes
  1039 | D:1      | Slain by an iguana

Illustrated notes

Levels and vault maps discovered:
D:1:      amcnicky_arrival_abandoned_market, layout_basic,
          shapermc_ecumenical_altar_rom_forum
D:2:      cheibrodos_old_hovel, layout_basic

Skill      XL: |  1 |
---------------+----+-----
Dodging        | 2 |  2.2
Fighting       | |  1.7
Unarmed Combat | |  3.6
Spellcasting   | |  2.0
Transmutations | |  2.0

Action                   || total
-------------------------++-------
Melee: Unarmed           ||    63
       Tailslap          ||    11
       Headbutt          ||     5
       Kick              ||     6
       Punch             ||     1
 Cast: Beastly Appendage ||     9
 Stab: Held in net/web   ||     1
Armor: Skin              ||    11
Dodge: Dodged            ||    35
